 Dungeon Crawl Stone Soup version 0.21-a0-193-g085b6a0 (webtiles) character file.

456 tehllama the Sneak (level 7, -3/43 HPs)
             Began as an Octopode Transmuter on Aug 14, 2017.
             Killed from afar by an orc wizard (7 damage)
             ... with a magic dart
             ... on level 3 of the Dungeon.
             The game lasted 00:07:31 (3516 turns).

tehllama the Sneak (Octopode Transmuter)            Turns: 3516, Time: 00:07:32

Health: -3/43      AC:  1    Str:  9    XL:     7   Next: 6%
Magic:  10/10      EV: 19    Int: 16    God:
Gold:   62         SH:  0    Dex: 17    Spells: 4/10 levels left

rFire    + . .     SeeInvis .     - Unarmed
rCold    + . .     Gourm    .   (no shield)
rNeg     . . .     Faith    .   (helmet restricted)
rPois    +         Spirit   .   (no amulet)
rElec    +         Reflect  .   (no ring)
rCorr    +         Harm     .   (no ring)
MR       .....                  (no ring)
Stlth    +++++.....             (no ring)
HPRegen  0.14/turn              (no ring)
MPRegen  0.12/turn              (no ring)
                                (no ring)
                                (no ring)

@: agile, resistant, flying
A: almost no armour, stealthy swim, amphibious, 8 rings, constrict 8, tentacle
spike 1, camouflage 1, blink, weak 1, gelatinous body 1
a: Blink


You were on level 3 of the Dungeon.
You were not hungry.

You visited 1 branch of the dungeon, and saw 3 of its levels.

You collected 62 gold pieces.

Inventory:

Missiles
 a - 58 arrows
Wands
 m - a wand of disintegration (15/24)
Scrolls
 d - a scroll of immolation {unknown}
 g - a scroll of remove curse {unknown}
 k - a scroll of identify {unknown}
 l - a scroll of noise {unknown}
 o - a scroll of amnesia {unknown}
 s - a scroll of enchant armour {unknown}
Potions
 i - a potion of might {unknown}
 j - a potion of curing {unknown}
 p - a potion of cancellation {unknown}
 r - a potion of flight
Books
 b - a book of Changes

   Spells                             Type                      Level
   a - Beastly Appendage              Transmutation                1
   b - Sticks to Snakes               Transmutation                2
   c - Spider Form                    Transmutation/Poison         3
   d - Ice Form                       Ice/Transmutation            4
   e - Blade Hands                    Transmutation                5
Comestibles
 c - 3 bread rations
 n - 2 royal jellies
 t - 3 chunks of flesh


   Skills:
 - Level 1.0 Fighting
 + Level 2.5 Dodging
 + Level 5.7 Stealth
 + Level 5.6 Unarmed Combat
 + Level 2.3 Spellcasting
 + Level 2.4 Transmutations
 + Level 1.4 Poison Magic


You had 4 spell levels left.
You knew the following spells:

 Your Spells              Type           Power        Failure   Level  Hunger
a - Beastly Appendage     Tmut           #.....       8%          1    #......
b - Sticks to Snakes      Tmut           #.......     11%         2    ###....
c - Spider Form           Tmut/Pois      #.........   26%         3    ###....


Dungeon Overview and Level Annotations

Branches:
Dungeon (3/15)

Altars:
Ashenzari
Qazlal


Innate Abilities, Weirdness & Mutations

You cannot wear most types of armour.
You are very stealthy in the water. (Stealth+)
You are amphibious.
You can wear up to eight rings at the same time.
You can use your tentacles to constrict eight enemies at once.
Your skin changes colour to match your surroundings (Stealth+).
Your rubbery body absorbs attacks. (AC +1, EV +1)
One of your tentacles bears a spike.
You can translocate small distances at will.
You are weak. (Str -2)


Message History

You feel jittery.
You feel weaker.
One of your lower tentacles grows a sharp spike.
Something hits you but does no damage.
It was a potion of ambrosia.
You are confused.
You feel invigorated. Something hits you.
* * * LOW HITPOINT WARNING * * *
You closely miss something.
You pierce something.
Something closely misses you.
You hear some strange, mumbled words.
A magic dart appears from out of thin air!
The magic dart hits you!
* * * LOW HITPOINT WARNING * * *
You feel less invigorated.
You feel less confused.
A magic dart appears from out of thin air!
The magic dart hits you!
* * * LOW HITPOINT WARNING * * *
A magic dart appears from out of thin air!
The magic dart hits you!
You die...

..o #...# ### ....
##... #..
#...#########...# #..
###........##...# #..
........%..#..)# #..
##...#)....#...# #..
...
#.....#.)(##########..
.
#.......)#............
#....@...#....#####...
######...#....# #...
#...#....# #...
#####....# ##...
#....# #.... #....#
#.... #.#### #.... #.#
#####.... #.#
#........


There were no monsters in sight!

Vanquished Creatures
  Sigmund (D:2)
  An orc priest (D:3)
  Jessica (D:2)
  Natasha (thrice) (D:2)
  4 gnolls (D:2)
  6 adders
  2 oozes
  A worm (D:2)
  2 dart slugs
  A leopard gecko (D:1)
  2 orcs (D:3)
  9 bats
  4 giant cockroaches
  10 goblins
  6 hobgoblins
  3 jackals (D:3)
  3 frilled lizards
  8 kobolds
  12 rats
79 creatures vanquished.

Vanquished Creatures (others)
  A dart slug (D:3)
1 creature vanquished.

Grand Total: 80 creatures vanquished

Notes
Turn   | Place    | Note
-------+----------+-------------------------------------------
     0 | D:1      | tehllama the Octopode Transmuter began the quest for the Orb.
     0 | D:1      | Reached XP level 1. HP: 13/13 MP: 3/3
   310 | D:1      | Reached XP level 2. HP: 18/18 MP: 3/5
   882 | D:1      | Reached XP level 3. HP: 22/23 MP: 4/6
  1135 | D:2      | Noticed Natasha
  1140 | D:2      | Killed Natasha
  1140 | D:2      | Reached XP level 4. HP: 20/28 MP: 5/7
  1147 | D:2      | Learned a level 2 spell: Sticks to Snakes
  1151 | D:2      | Learned a level 3 spell: Spider Form
  1248 | D:2      | Noticed Natasha
  1258 | D:2      | Killed Natasha
  1447 | D:2      | Noticed Natasha
  1458 | D:2      | Killed Natasha
  1629 | D:2      | Reached XP level 5. HP: 29/33 MP: 6/8
  1691 | D:2      | Noticed Sigmund
  1705 | D:2      | Killed Sigmund
  1705 | D:2      | Reached skill level 5 in Stealth
  1705 | D:2      | Reached skill level 5 in Unarmed Combat
  1705 | D:2      | Reached XP level 6. HP: 31/38 MP: 1/9
  1788 | D:2      | Found a stormy altar of Qazlal.
  1895 | D:2      | Noticed Jessica
  1900 | D:2      | Killed Jessica
  2392 | D:2      | Reached skill level 1 in Poison Magic
  2895 | D:2      | Found a shattered altar of Ashenzari.
  3488 | D:3      | Reached XP level 7. HP: 30/43 MP: 6/10
  3505 | D:3      | HP: 2/43 [something/magic dart (9)]
  3510 | D:3      | Gained mutation: You can translocate small distances at will. [potion of mutation]
  3510 | D:3      | Gained mutation: You are weak. (Str -2) [potion of mutation]
  3510 | D:3      | Gained mutation: One of your tentacles bears a spike. [potion of mutation]
  3516 | D:3      | Killed from afar by an orc wizard

Vault maps used:
D:1:      minmay_arrival_checkered_box, minmay_crystal_water, nrook_uturn
D:2:      kennysheep_big_flooded_room, marbit_many_paths, lemuel_round_altar,
          first_bread, uniq_natasha, uniq_jessica, uniq_sigmund
D:3:      serial_curves, eino_curves_01, eino_curves_01, eino_curves_04,
          eino_curves_03

Skill      XL: |  1  2  3  4  5  6 |
---------------+-------------------+-----
Unarmed Combat | 4 5 |  5.6
Stealth        | 2 3 5 |  5.7
Poison Magic   | 1 |  1.4
Fighting       | |  1.0
Dodging        | |  2.5
Spellcasting   | |  2.3
Transmutations | |  2.4

Action                   |  1- 3 |  4- 6 |  7- 9 || total
-------------------------+-------+-------+-------++-------
Melee: Unarmed           |    46 |   123 |    10 ||   179
       Kick              |    12 |    16 |     1 ||    29
       Constrict         |    14 |    16 |     1 ||    31
       Punch             |     1 |     1 |       ||     2
       Tentacles         |     3 |     9 |       ||    12
 Cast: Beastly Appendage |    20 |    24 |       ||    44
       Spider Form       |       |     8 |       ||     8
       Sticks to Snakes  |       |     3 |       ||     3
  Use: Potion            |       |       |     5 ||     5
 Stab: Sleeping          |     4 |     6 |       ||    10
  Eat: Chunk             |     1 |    10 |       ||    11
Armor: Skin              |     5 |    10 |     4 ||    19
Dodge: Dodged            |    26 |    68 |    20 ||   114
